 Dungeon Crawl Stone Soup version 0.31-a0-187-gba352fbbf7 (webtiles) character file.

Game seed: 10814096325713155121

32 qw the Shooter (level 3, -2/20 HPs)
             Began as a Deep Elf Hunter on June 22, 2023.
             Slain by an orc
             ... wielding a +0 flail
              (6 damage)
             ... on level 2 of the Dungeon.
             The game lasted 00:00:20 (1299 turns).

qw the Shooter (Deep Elf Hunter)                    Turns: 1299, Time: 00:00:20

Health: -2/20      AC:  6    Str: 10    XL:     3   Next: 8%
Magic:  5/5        EV: 11    Int: 13    God:
Gold:   96         SH:  0    Dex: 18    Spells: 2/2 levels left

rFire   . . .        Y - +0 shortbow
rCold   + . .        (shield currently unavailable)
rNeg    . . .        a - +0 ring mail
rPois   .            e - +0 helmet
rElec   .            (no cloak)
rCorr   .            (no gloves)
SInv    .            (no boots)
Will    .....        (no amulet)
Stlth   +            c - ring of protection from cold
HPRegen 0.23/turn    (no ring)
MPRegen 0.09/turn

%: no passive effects
@: no status effects
A: no striking features
a: no special abilities


You were on level 2 of the Dungeon.
You visited 1 branch of the dungeon, and saw 3 of its levels.

You collected 96 gold pieces.


   Skills:
 - Level 1.5 Fighting
 + Level 6.7 Ranged Weapons
 - Level 2.4 Dodging
 - Level 1.2 Stealth


You had 2 spell levels left.
You didn't know any spells.
Your spell library was empty.

Inventory:

Hand Weapons
 Y - a +0 shortbow (weapon)
Armour
 a - a +0 ring mail (worn)
 e - a +0 helmet (worn)
Jewellery
 c - a ring of protection from cold (left hand)
Scrolls
 h - a scroll of identify
Potions
 d - a potion of haste {unknown}
 f - a potion of lignification {unknown}

Dungeon Overview and Level Annotations

Branches:
Dungeon (3/15)

Altars:


Message History

There is a stone staircase leading down here.
You climb downwards.
You hear the sound of rushing water.
There is an entrance to a sewer on this level.
Hurry and find it before the portal rusts away!
The orc shouts! x4; The ball python hisses angrily.
The orc shouts!
Found a smoky sapphire potion and 11 gold pieces.
There is a stone staircase leading up here.
There are monsters nearby!
Waypoint 2 assigned to D:3.
1291 ||| PLANNING SEWER You shoot an arrow.
The arrow barely misses the orc.
You shoot an arrow. The arrow barely misses the orc.
The orc misses you. The orc hits you with a +0 club.
The orc hits you but does no damage. The ball python barely misses you.
The ball python grabs you. The ball python constricts you.
You shoot an arrow. The arrow hits the ball python!
You kill the ball python!
The orc closely misses you. The orc hits you with a +0 hand axe.
The orc closely misses you. The orc barely misses you.
1294 ||| STAIRDANCE The orc barely misses you.
The orc closely misses you. The orc completely misses you.
The orc closely misses you.
You climb upwards.
There is a stone staircase leading down here.
You shoot an arrow. The arrow barely misses the orc.
The orc barely misses you. x2; The orc hits you with a +0 flail.
The orc hits you with a +0 hand axe.
You shoot an arrow. The arrow closely misses the orc.
The orc hits you but does no damage. The orc barely misses you.
The orc closely misses you. x2; The orc hits you with a +0 hand axe.
The orc hits you but does no damage. The orc misses you.
The orc hits you but does no damage.
You shoot an arrow. The arrow hits the orc.
The orc is heavily wounded.
The orc hits you with a +0 hand axe. The orc misses you.
The orc hits you but does no damage. The orc hits you with a +0 hand axe.
You shoot an arrow. The arrow hits the orc!
You kill the orc!
The orc hits you with a +0 flail.
You die...

####..######
#........###
#..........#
#........#
#..........#
#.############
#..........# ####.#
#... #..........#
#....# #.##
#..........# #.####
#.# #..........# #.#
#.# #..........####)#
#.# #............o@o#
#.# #..........###o##
#.# ############ #.#
#.# #.# #.# #.# #.#
#.# #.# ######.#
#####.# #......#
#.....#
#.##############.#####


You could see 3 orcs.

Vanquished Creatures
  A worm (D:2)
  An orc (D:2)
  6 ball pythons
  4 endoplasms
  3 goblins (D:1)
  2 hobgoblins (D:1)
  2 jackals (D:1)
  3 bats (D:1)
  3 frilled lizards (D:1)
  3 rats (D:1)
28 creatures vanquished.

Notes
Turn   | Place    | Note
-------+----------+-------------------------------------------
     0 | D:1      | qw the Deep Elf Hunter began the quest for the Orb.
     0 | D:1      | Reached XP level 1. HP: 12/12 MP: 3/3
     0 | D:1      | 0 ||| qw: Version: 0.3-a-9-g12657ce
     0 | D:1      | 0 ||| qw: Game counter: 2589
     0 | D:1      | 0 ||| qw: Always use a shield: true
     0 | D:1      | 0 ||| qw: God list: Okawaru
     0 | D:1      | 0 ||| qw: Allow faded altars: false
     0 | D:1      | 0 ||| qw: Do Orc after D:15 true
     0 | D:1      | 0 ||| qw: Do second Lair branch before Depths: true
     0 | D:1      | 0 ||| qw: Lair rune preference: random
     0 | D:1      | 0 ||| qw: Plans: Normal
     0 | D:1      | 0 ||| PLANNING D:1-11
   105 | D:1      | Reached XP level 2. HP: 16/16 MP: 4/4
   107 | D:1      | Reached skill level 6 in Ranged Weapons
   705 | D:1      | 705 ||| UPGRADING to +0 helmet.
   710 | D:1      | 710 ||| UPGRADING to +0 scale mail.
   720 | D:1      | 720 ||| DROPPING +0 leather armour.
   721 | D:1      | 721 ||| READING 4 scrolls labelled NOEKLYP FEUQICK.
   722 | D:1      | 722 ||| READING 2 scrolls labelled YROICA NULEI.
   723 | D:1      | 723 ||| DROPPING 3 scrolls of noise.
   724 | D:1      | 724 ||| DROPPING scroll of butterflies.
   796 | D:2      | 796 ||| DROPPING +0 sling of flaming.
  1213 | D:2      | Reached XP level 3. HP: 20/20 MP: 5/5
  1253 | D:2      | 1253 ||| UPGRADING to +0 ring mail.
  1263 | D:2      | 1263 ||| DROPPING +0 scale mail.
  1264 | D:2      | 1264 ||| UPGRADING to ring of protection from cold.
  1265 | D:2      | 1265 ||| READING scroll labelled TAUFFUISHRAM.
  1266 | D:2      | 1266 ||| READING scroll labelled ETZENA XURIS.
  1291 | D:3      | 1291 ||| PLANNING SEWER
  1294 | D:3      | 1294 ||| STAIRDANCE
  1298 | D:2      | HP: 4/20 [orc/+0 hand axe (2)]
  1299 | D:2      | Slain by an orc

Levels and vault maps discovered:
D:1:      dpeg_arrival_solitude, layout_loops_ring
D:2:      layout_basic, mrwooster_statue_mirror
D:3:      layout_rooms, grunt_temple_overflow_lords_of_destruction,
          nicolae_elyvilon_peaceful_grove, serial_shops,
          nicolae_shop_just_a_little_nook, gup_sewer_entry_glass

Skill      XL: |  1  2 |
---------------+-------+-----
Ranged Weapons | 6 |  6.7
Fighting       | |  1.5
Dodging        | |  2.4
Stealth        | |  1.2

Action                     || total
---------------------------++-------
   Fire: Shortbow          ||    55
    Use: Scroll            ||     4
 Armour: Scale mail        ||     1
         Ring mail         ||     5
  Dodge: Dodged            ||    19

Table legend:
 A = Non-vault XP
 B = Vault XP
 C = Vault XP percentage of total XP
 D = Non-vault monster count
 E = Vault monster count
 F = Vault count percentage of total count
                 A         B        C        D         E       F
            +---------+---------+-------+---------+---------+-------
      Total |      49 |       0 |   0.0 |      28 |       0 |   0.0
            +---------+---------+-------+---------+---------+-------
        D:1 |      31 |       0 |   0.0 |      21 |       0 |   0.0
        D:2 |      16 |       0 |   0.0 |       6 |       0 |   0.0
        D:3 |       2 |       0 |   0.0 |       1 |       0 |   0.0
            +---------+---------+-------+---------+---------+-------
